 Dungeon Crawl Stone Soup version 0.27.1-1-g398f81649c (webtiles) character file.

Game seed: 10521364862827594302

96 ZARRMARR the Digger (level 4, -1/40 HPs)
             Began as an Octopode Earth Elementalist on Sept 7, 2021.
             Succumbed to an adder's poison
             ... on level 3 of the Dungeon.
             The game lasted 00:09:24 (2751 turns).

ZARRMARR the Digger (Octopode Earth Elementalist)   Turns: 2751, Time: 00:09:25

Health: -1/40      AC:  1    Str:  7    XL:     4   Next: 67%
Magic:  1/8        EV: 13    Int: 18    God:
Gold:   114        SH:  0    Dex: 12    Spells: 5/9 levels left

rFire    . . .     SeeInvis .   (no weapon)
rCold    . . .     Faith    .   (no shield)
rNeg     . . .     Spirit   .   (helmet restricted)
rPois    .         Reflect  .   (no amulet)
rElec    .         Harm     .   (no ring)
rCorr    .         Rampage  .   (no ring)
Will     .....                  (no ring)
Stlth    ..........             (no ring)
HPRegen  0.13/turn              (no ring)
MPRegen  0.11/turn              (no ring)
                                (no ring)
                                (no ring)

@: mighty, berserking, lethally poisoned (-1 -> -14), flying, very quick
A: almost no armour, amphibious, 8 rings, camouflage 1, gelatinous body 1,
(nimble swimmer 1), tentacles
a: no special abilities


You were on level 3 of the Dungeon.
You visited 1 branch of the dungeon, and saw 3 of its levels.

You collected 114 gold pieces.

Inventory:

Missiles
 f - 4 silver boomerangs
 i - 23 stones
Jewellery
 e - an amulet of faith
Scrolls
 g - a scroll of holy word {unknown}
 h - a scroll of enchant armour {unknown}
Potions
 a - a potion of haste {unknown}
 d - a potion of flight


   Skills:
 - Level 2.0 Dodging
 - Level 2.6 Stealth
 + Level 3.0 Spellcasting
 + Level 2.2 Conjurations
 - Level 1.0 Transmutations
 + Level 3.9 Earth Magic


You had 5 spell levels left.
You knew the following spells:

 Your Spells              Type           Power      Damage    Failure   Level
a - Stone Arrow           Conj/Erth      26%        3d8       14%         3
b - Sandblast             Erth           32%        2d9       3%          1

Your spell library contained the following spells:

 Spells                   Type           Power      Damage    Failure   Level
 Passwall                 Tmut/Erth      9%         N/A       9%          2
 Foxfire                  Conj/Fire      24%        2x1d5     11%         1
 Corona                   Hex            2%         N/A       16%         1
 Ensorcelled Hibernation  Hex/Ice        4%         N/A       24%         2
 Conjure Flame            Conj/Fire      6%         6-21      30%         3
 Inner Flame              Hex/Fire       2%         N/A       43%         3
 Tukima's Dance           Hex            2%         N/A       43%         3
 Petrify                  Tmut/Erth      11%        N/A       52%         4


Dungeon Overview and Level Annotations

Branches:
Dungeon (3/15)

Altars:

Annotations:
D:2 Sigmund


Innate Abilities, Weirdness & Mutations

You cannot wear most types of armour.
You are amphibious.
You can wear up to eight rings at the same time.
Your skin changes colour to match your surroundings (Stealth+).
Your rubbery body absorbs attacks. (AC +1, EV +1)
((You are camouflaged near water. (Stealth+)))
You have tentacles for arms and can constrict up to eight enemies at once.


Message History

The adder closely misses you.
Unknown command.
The adder bites you.
You tentacle-slap the adder. You grab the adder.
The adder is lightly wounded.
You constrict the adder. The adder misses you.
You completely miss the adder.
The adder is moderately wounded.
You constrict the adder. The adder bites you.
You are poisoned.
The adder poisons you! The adder bites you.
* * * LOW HITPOINT WARNING * * *
You are lethally poisoned!
The adder poisons you!
It was a potion of flight.
You feel very buoyant.
You fly up into the air.
You constrict the adder.
* * * LOW HITPOINT WARNING * * *
You feel very sick. The adder misses you.
It was a potion of might.
You feel very mighty all of a sudden.
You constrict the adder.
* * * LOW HITPOINT WARNING * * *
You feel very sick. The adder misses you.
It was a potion of berserk rage.
A red film seems to cover your vision as you go berserk!
You feel yourself moving faster!
You feel mighty!
You constrict the adder.
* * * LOW HITPOINT WARNING * * *
You feel sick. The adder completely misses you. The adder bites you.
* * * LOW HITPOINT WARNING * * *
You are more poisoned.
The adder poisons you!
Your magical contamination has completely faded away.
You are too berserk!
Unknown command.
You barely miss the adder. You squeeze the adder.
You kill the adder!
You die...

#......#..........####.
#.#....#.........###...
#......#.......####....
###....#.†..#### #..###
#....#.#### ##..##.
#....#...### #...#.[
#....#.....## #...#..
####†#......###......
#@#.###..##....###
#.######.#.###...#....#
#........#..##...#....###
########.#...............
#.###########.####
#.............#
###############


There were no monsters in sight!

Vanquished Creatures
  4 adders
  5 orcs (D:3)
  5 bats
  10 endoplasms
  A giant cockroach (D:1)
  5 goblins
  4 hobgoblins
  5 jackals
  4 kobolds
  4 quokkas
  3 ball pythons
  A ball python zombie (D:3)
  4 frilled lizards
  4 rats
59 creatures vanquished.

Notes
Turn   | Place    | Note
-------+----------+-------------------------------------------
     0 | D:1      | ZARRMARR the Octopode Earth Elementalist began the quest
                  | for the Orb.
     0 | D:1      | Reached XP level 1. HP: 11/11 MP: 3/3
   161 | D:1      | Reached XP level 2. HP: 17/17 MP: 3/5
   211 | D:1      | You fall into a shaft and drop 1 floor!
   360 | D:2      | Reached skill level 1 in Conjurations
   826 | D:1      | Reached XP level 3. HP: 21/21 MP: 3/6
   939 | D:1      | Learned a level 3 spell: Stone Arrow
  1022 | D:1      | Found a faded altar of an unknown god.
  1816 | D:2      | Noticed Sigmund
  2099 | D:3      | Reached XP level 4. HP: 22/27 MP: 4/8
  2750 | D:3      | HP: 2/40 [poisoned by an adder]
  2751 | D:3      | Succumbed to an adder's poison

Illustrated notes

Levels and vault maps discovered:
D:1:      dpeg_arrival_refuge, layout_loops_ring,
          dreamdust_ecumenical_altar_statues, dk_noncrumbling_2
D:2:      wad_crossroads, layout_basic, patterned_corridor, uniq_sigmund
D:3:      minmay_recursive_quarters, layout_basic, chequers_hall_statues_y,
          kennysheep_generic_room_14

Skill      XL: |  1  2  3  4 |
---------------+-------------+-----
Conjurations   | 1 2 |  2.2
Spellcasting   | 3 |  3.0
Dodging        | |  2.0
Stealth        | |  2.6
Transmutations | |  1.0
Earth Magic    | |  3.9

Action                   |  1- 3 |  4- 6 || total
-------------------------+-------+-------++-------
Melee: Unarmed           |     9 |    10 ||    19
       Tentacles         |     2 |     1 ||     3
       Constrict         |     1 |     2 ||     3
 Cast: Sandblast         |    31 |    16 ||    47
       Stone Arrow       |    18 |     6 ||    24
  Use: Scroll            |     4 |       ||     4
       Potion            |       |     3 ||     3
Armor: Skin              |     2 |       ||     2
Dodge: Dodged            |     4 |    14 ||    18
